 Dungeon Crawl Stone Soup version 0.31-a0-233-g139696dc86 (webtiles) character file.

Game seed: 3830508787978285362

120 qw the Shooter (level 4, 0/36 HPs)
             Began as a Minotaur Hexslinger on July 8, 2023.
             Slain by a gnoll
             ... wielding a +0 spear
              (3 damage)
             ... on level 3 of the Dungeon.
             The game lasted 00:00:47 (1716 turns).

qw the Shooter (Minotaur Hexslinger)                Turns: 1716, Time: 00:00:47

Health: 0/36       AC:  5    Str: 12    XL:     4   Next: 75%
Magic:  4/4        EV: 11    Int: 10    God:
Gold:   74         SH:  0    Dex: 15    Spells: 4/5 levels left

rFire   . . .        Y - +1 sling
rCold   . . .        (no shield)
rNeg    . . .        k - +0 ring mail
rPois   .            (helmet restricted)
rElec   .            (no cloak)
rCorr   .            (no gloves)
SInv    .            (no boots)
Will    .....        j - amulet of regeneration
Stlth   +            (no ring)
HPRegen 1.06/turn    (no ring)
MPRegen 0.09/turn

%: no passive effects
@: no status effects
A: horns 2, retaliatory headbutt
a: no special abilities


You were on level 3 of the Dungeon.
You visited 1 branch of the dungeon, and saw 4 of its levels.

You collected 74 gold pieces.


Innate Abilities, Weirdness & Mutations

You have a pair of horns on your head.
You reflexively headbutt those who attack you in melee.


   Skills:
 + Level 2.2 Fighting
 - Level 5.0 Ranged Weapons
 - Level 1.0 Armour
 - Level 2.1 Dodging
 - Level 1.0 Spellcasting
 - Level 2.0 Hexes


You had 4 spell levels left.
You knew the following spells:

 Your Spells              Type           Power      Damage    Failure   Level
a - Slow                  Hex            16%        N/A       34%         1

Your spell library contained the following spells:

 Spells                   Type           Power      Damage    Failure   Level
 Inner Flame              Hex/Fire       2%         N/A       83%         3
 Portal Projectile        Hex/Tloc       4%         N/A       83%         3
 Cause Fear               Hex            2%         N/A       98%         4

Inventory:

Hand Weapons
 Y - a +1 sling (weapon)
Armour
 k - a +0 ring mail (worn)
Jewellery
 j - an amulet of regeneration (around neck)
Scrolls
 a - a scroll of identify
Potions
 b - a potion of berserk rage {unknown}
 c - 3 potions of attraction {unknown}
 d - a potion of might {unknown}
 e - a potion of heal wounds {unknown}
 f - a potion of brilliance {unknown}
 g - a potion of mutation {unknown}
 h - a potion of curing {unknown}

Dungeon Overview and Level Annotations

Branches:
Dungeon (4/15)
 Temple: D:4-7

Altars:
Cheibriados


Message History

You shoot a sling bullet. The sling bullet hits the gnoll.
The gnoll is lightly wounded.
A gnoll comes into view. It is wielding a +0 spear.
1707 ||| Stepping ~*~*~tactically~*~*~ (outnumbered).
You shoot a sling bullet.
The sling bullet hits the gnoll but does no damage.
The gnoll is moderately wounded.
You shoot a sling bullet. The sling bullet hits the gnoll.
The gnoll is severely wounded.
The gnoll barely misses you. x2
You shoot a sling bullet.
The sling bullet barely misses the gnoll.
The gnoll barely misses you.
The gnoll hits you from afar with a +0 halberd.
You shoot a sling bullet.
The sling bullet closely misses the gnoll. x2
The gnoll hits you from afar with a +0 halberd.
The gnoll hits you from afar with a +0 halberd!
The gnoll barely misses you.
You shoot a sling bullet.
The sling bullet closely misses the gnoll.
The sling bullet hits the gnoll!
The gnoll is heavily wounded.
The gnoll hits you from afar with a +0 halberd!
You shoot a sling bullet. The sling bullet hits the gnoll.
The gnoll is heavily wounded.
The gnoll misses you. The gnoll hits you but does no damage.
You shoot a sling bullet. The sling bullet hits the gnoll.
The gnoll is heavily wounded.
The gnoll barely misses you. x2
The gnoll hits you from afar with a +0 spear.
The gnoll hits you with a +0 club. The gnoll closely misses you.
The gnoll hits you with a +0 club. The gnoll completely misses you. x2
You shoot a sling bullet.
The sling bullet closely misses the gnoll.
The sling bullet hits the gnoll.
The gnoll is severely wounded.
The gnoll closely misses you. x3
The gnoll hits you from afar with a +0 spear.
You die...

#.# #.### #.#
#.#.. #.# #.#.#
#.# #.#.# #.#
#.#.# #.# #.#.#
#.#####.#.#
#.##......#
#.#...#.#@# ..
#.#...#.#g#...#
#.#....>ggg....
#.............#
#.#...#)#.##.g#
#.#...#.#.# ..#
#.#...#.#.# .#
#.#####.... .
#.# #..


You could see 4 gnolls.

Vanquished Creatures
  3 adders
  3 gnolls (D:1)
  2 worms (D:2)
  3 dart slugs
  3 orcs (D:2)
  3 ball pythons
  4 bats
  3 endoplasms
  A giant cockroach (D:1)
  6 goblins
  7 hobgoblins
  5 kobolds
  2 quokkas (D:1)
  5 frilled lizards
50 creatures vanquished.

Notes
Turn   | Place    | Note
-------+----------+-------------------------------------------
     0 | D:1      | qw the Minotaur Hexslinger began the quest for the Orb.
     0 | D:1      | Reached XP level 1. HP: 16/16 MP: 1/1
     0 | D:1      | 0 ||| qw: Version: 0.3-a-46-gb1f654a
     0 | D:1      | 0 ||| qw: Game counter: 3471
     0 | D:1      | 0 ||| qw: Melee chars always use a shield: true
     0 | D:1      | 0 ||| qw: God list: Okawaru
     0 | D:1      | 0 ||| qw: Allow faded altars: false
     0 | D:1      | 0 ||| qw: Do Orc after clearing Dungeon:15 true
     0 | D:1      | 0 ||| qw: Do second Lair branch before Depths: true
     0 | D:1      | 0 ||| qw: Lair rune preference: random
     0 | D:1      | 0 ||| qw: Goals: Normal
     0 | D:1      | 0 ||| PLANNING D:1-11
    76 | D:1      | Reached skill level 3 in Ranged Weapons
    76 | D:1      | Reached XP level 2. HP: 23/23 MP: 2/2
   477 | D:1      | Reached XP level 3. HP: 29/29 MP: 3/3
   636 | D:1      | 636 ||| UPGRADING to +0 leather armour.
   646 | D:1      | 646 ||| DROPPING +0 robe.
   647 | D:1      | 647 ||| UPGRADING to amulet of regeneration.
   652 | D:1      | 652 ||| READING 2 scrolls labelled WUOK IPEBYOZ.
   653 | D:1      | 653 ||| READING scroll labelled UWODU ESEUNAOD.
   654 | D:1      | 654 ||| READING scroll labelled ATURIY ZOKEMA.
   655 | D:1      | 655 ||| DROPPING scroll of poison.
   708 | D:2      | 708 ||| STAIRDANCE
   716 | D:2      | 716 ||| STAIRDANCE
   722 | D:1      | Reached skill level 4 in Ranged Weapons
   743 | D:2      | 743 ||| STAIRDANCE
   747 | D:1      | HP: 6/29 [gnoll/+0 flail (9)]
   887 | D:2      | Reached XP level 4. HP: 26/36 MP: 4/4
  1259 | D:2      | Found a faded altar of an unknown god.
  1399 | D:2      | Reached skill level 5 in Ranged Weapons
  1440 | D:2      | You fall into a shaft and drop 2 floors!
  1475 | D:4      | Found a snail-covered altar of Cheibriados.
  1514 | D:4      | 1514 ||| UPGRADING to +0 ring mail.
  1524 | D:4      | 1524 ||| DROPPING +0 leather armour.
  1525 | D:4      | 1525 ||| READING scroll labelled QOOTSE PIGOX.
  1528 | D:4      | 1528 ||| READING scroll labelled MUFYITZ JIMYOMN.
  1671 | D:3      | Reached skill level 1 in Armour
  1704 | D:3      | 1704 ||| Stepping ~*~*~tactically~*~*~ (outnumbered).
  1707 | D:3      | 1707 ||| Stepping ~*~*~tactically~*~*~ (outnumbered).
  1713 | D:3      | HP: 6/36 [gnoll/+0 halberd (9)]
  1715 | D:3      | HP: 2/36 [gnoll/+0 club (1)]
  1716 | D:3      | Slain by a gnoll

Levels and vault maps discovered:
D:1:      minmay_arrival_shattered_statue, layout_loops_ring, hex_tiny
D:2:      layout_loops_corners, shapermc_ecumenical_altar_mp_urbaneastern
D:3:      layout_basic, trog_wizard, lemuel_round_altar,
          mainiacjoe_overflow_chevrons, serial_curves, eino_curves_01,
          eino_curves_04, serial_bayou_pond_e
D:4:      layout_cave_pools, nemelex_dance_club_becter,
          mainiacjoe_overflow_paths, ebering_ghost_rock_garden,
          serial_co_window_serial, co_window_paths_a, co_window_paths_a,
          co_window_corner_a, co_window_corner_a, co_window_corner_a,
          co_window_corner_b, co_window_2corner, co_window_unsneaky_path_d,
          co_window_corner_ca, co_window_corner_ca, co_window_corner_b,
          glass_columns_c

Skill      XL: |  1  2  3  4 |
---------------+-------------+-----
Ranged Weapons | 3 4 5 |  5.0
Fighting       | 2 |  2.2
Armour         | 1 |  1.0
Dodging        | |  2.1
Spellcasting   | |  1.0
Hexes          | |  2.0

Action                     |  1- 3 |  4- 6 || total
---------------------------+-------+-------++-------
   Fire: Sling             |   101 |    84 ||   185
    Use: Scroll            |     3 |     2 ||     5
 Armour: Leather armour    |     1 |     5 ||     6
         Ring mail         |       |     9 ||     9
  Dodge: Dodged            |    21 |    35 ||    56

Table legend:
 A = Non-vault XP
 B = Vault XP
 C = Vault XP percentage of total XP
 D = Non-vault monster count
 E = Vault monster count
 F = Vault count percentage of total count
                 A         B        C        D         E       F
            +---------+---------+-------+---------+---------+-------
      Total |     172 |       0 |   0.0 |      50 |       0 |   0.0
            +---------+---------+-------+---------+---------+-------
        D:1 |      86 |       0 |   0.0 |      25 |       0 |   0.0
        D:2 |      61 |       0 |   0.0 |      18 |       0 |   0.0
        D:3 |      16 |       0 |   0.0 |       3 |       0 |   0.0
        D:4 |       9 |       0 |   0.0 |       4 |       0 |   0.0
            +---------+---------+-------+---------+---------+-------
